 Dungeon Crawl Stone Soup version 0.31.0-12-g77e489cdc1 (webtiles) character file.

Game seed: 18205695784342773169

98 sking99 the Firebug (level 4, 0/33 HPs)
             Began as a Draconian Fire Elementalist on Feb 29, 2024.
             Slain by Terence
             ... wielding a +2 mace of protection
              (7 damage)
             ... on level 2 of the Dungeon.
             The game lasted 00:06:05 (1970 turns).

sking99 the Firebug (Draconian Fire Elementalist)   Turns: 1970, Time: 00:06:06

Health: 0/33       AC:  5    Str: 11    XL:     4   Next: 43%
Magic:  8/8        EV: 12    Int: 17    God:
Gold:   128        SH:  0    Dex: 11    Spells: 2/8 levels left

rFire   + . .        (no weapon)
rCold   . . .        (no shield)
rNeg    . . .        (body armour unavailable)
rPois   .            (helmet restricted)
rElec   .            (no cloak)
rCorr   .            (no gloves)
SInv    .            (no boots)
Will    .....        (no amulet)
Stlth   ++           e - ring of protection from fire
HPRegen 0.25/turn    (no ring)
MPRegen 0.11/turn

%: no passive effects
@: no status effects
A: AC +5, unfitting armour, cold-blooded
a: no special abilities


You were on level 2 of the Dungeon.
You visited 1 branch of the dungeon, and saw 2 of its levels.

You collected 128 gold pieces.

Inventory:

Jewellery
 e - a ring of protection from fire (left hand)
Scrolls
 b - a scroll of butterflies {unknown}
 c - a scroll of blinking {unknown}
 f - a scroll of identify {unknown}
 h - a scroll of enchant weapon {unknown}
 j - a scroll of fog {unknown}
 k - 2 scrolls of teleportation {unknown}
 l - a scroll of enchant armour {unknown}
Potions
 d - 2 potions of brilliance {unknown}
 g - a potion of ambrosia {unknown}
 i - a potion of attraction {unknown}


   Skills:
 - Level 1.7 Dodging
 - Level 1.7 Stealth
 + Level 2.9 Spellcasting
 - Level 1.5 Conjurations
 + Level 0.2 Translocations
 * Level 4.4 Fire Magic


You had 2 spell levels left.
You knew the following spells:

 Your Spells              Type           Power      Damage    Failure   Level
a - Foxfire               Conj/Fire      48%        2x1d6     5%          1
b - Scorch                Fire           34%        2d6       4%          2
c - Volatile Blastmotes   Fire/Tloc      20%        2d11      21%         3

Your spell library contained the following spells:

 Spells                   Type           Power      Damage    Failure   Level
 Inner Flame              Hex/Fire       10%        N/A       22%         3
 Dazzling Flash           Conj/Hex       10%        N/A       36%         3
 Mephitic Cloud           Conj/Alch/Air  4%         N/A       41%         3
 Flame Wave               Conj/Fire      12%        2d6       45%         4
 Curse of Agony           Necr           2%         N/A       99%         5
 Silence                  Hex/Air        1%         N/A       99%         5


Dungeon Overview and Level Annotations

Branches:
Dungeon (2/15)

Altars:

Shops:
D:1 :   D:2 (*:

Annotations:
D:2 Terence


Innate Abilities, Weirdness & Mutations

Your plain brown scales are hard. (AC +5)
You cannot fit into any form of body armour.
You are cold-blooded and may be slowed by cold attacks.


Message History

Confirm with . or Enter, or press ? or * to list all spells.
Flames lash Terence but do no damage.
Terence hits you but does no damage.
You hit Terence but do no damage.
You tail-slap Terence, but do no damage.
Terence is heavily wounded.
Terence misses you.
You hit Terence but do no damage.
Terence is heavily wounded.
Terence hits you with a +2 mace of protection.
You hit Terence but do no damage.
Terence is heavily wounded.
Terence hits you with a +2 mace of protection!
Terence attacks as he pursues you! Terence closely misses you.
Terence is no longer more vulnerable to fire.
Terence looks scornfully at you.
Casting: Scorch (safe; 4% risk of failure)
Confirm with . or Enter, or press ? or * to list all spells.
Flames lash Terence but do no damage.
Terence bares his teeth.
Terence attacks as he pursues you!
Terence hits you with a +2 mace of protection.
Terence attacks as he pursues you!
Terence hits you with a +2 mace of protection.
Terence attacks as he pursues you!
Terence hits you with a +2 mace of protection.
Terence attacks as he pursues you!
Terence hits you with a +2 mace of protection.
* * * LOW HITPOINT WARNING * * *
Terence attacks as he pursues you! Terence barely misses you.
Terence attacks as he pursues you! Terence barely misses you.
Terence attacks as he pursues you! Terence closely misses you.
Terence attacks as he pursues you! Terence barely misses you.
Terence looks scornfully at you. Terence attacks as he pursues you!
Terence hits you with a +2 mace of protection.
* * * LOW HITPOINT WARNING * * *
Magic courses through your body.
Terence hits you with a +2 mace of protection!
You die...
Terence says, "Rest in peace."

...#.......# #.##.###.##.#
...#.......# #.##.....##.#
####.).##### #.#########.# .#
#...# #.# #.# .###^..### #.#
#.# .)..÷....# #.# #.#
#........# #.#########.#
#........# #@.......##.######
#.....#### #@........#.......
#.....# #.........########
#..######## #....)....#.......
........... #.........#.######
........#####.##...........#
<...........#.##........####
#.#<....##.# .##........######
...........##.##.#.##........#
##.∩..........#....##.######.#


You could see Terence.

Vanquished Creatures
  Jessica (D:2)
  3 adders (D:2)
  2 dart slugs (D:2)
  A ribbon worm (D:2)
  2 ball pythons
  6 endoplasms
  A giant cockroach (D:1)
  2 hobgoblins (D:1)
  4 jackals (D:1)
  2 kobolds
  A quokka (D:2)
  4 bats (D:1)
  2 frilled lizards
  3 goblins (D:2)
  2 rats
36 creatures vanquished.

Vanquished Creatures (others)
  71 foxfires
71 creatures vanquished.

Grand Total: 107 creatures vanquished

Notes
Turn   | Place    | Note
-------+----------+-------------------------------------------
     0 | D:1      | sking99 the Draconian Fire Elementalist began the quest for
                  | the Orb.
     0 | D:1      | Reached XP level 1. HP: 14/14 MP: 3/3
    86 | D:1      | Found Botinec's Book Boutique.
   308 | D:1      | Reached XP level 2. HP: 18/20 MP: 0/5
   387 | D:1      | Learned a level 2 spell: Scorch
  1096 | D:2      | Found Fusau's Book Shoppe.
  1118 | D:2      | Reached XP level 3. HP: 25/26 MP: 0/6
  1330 | D:2      | Noticed Jessica
  1331 | D:2      | Killed Jessica
  1332 | D:2      | Reached skill level 4 in Fire Magic
  1463 | D:2      | Reached XP level 4. HP: 33/33 MP: 3/8
  1637 | D:2      | Learned a level 3 spell: Volatile Blastmotes
  1649 | D:2      | Found Lecue's Antique Weapon Shop.
  1664 | D:2      | Found Sacwan's General Store.
  1928 | D:2      | Noticed Terence
  1970 | D:2      | Slain by Terence

Illustrated notes

Levels and vault maps discovered:
D:1:      minmay_arrival_wavy_path, layout_basic, serial_shops,
          nicolae_shop_stone
D:2:      layout_basic, serial_shops, shop, shop_statue,
          nicolae_shop_getting_attention, shop, minivault_27, uniq_jessica,
          uniq_terence

Skill      XL: |  1  2  3 |
---------------+----------+-----
Fire Magic     | 4 |  4.4
Dodging        | |  1.7
Stealth        | |  1.7
Spellcasting   | |  2.9
Conjurations   | |  1.5
Translocations | |  0.2

Action                     |  1- 3 |  4- 6 || total
---------------------------+-------+-------++-------
  Melee: Unarmed           |    25 |     3 ||    28
         Tailslap          |     3 |     1 ||     4
   Cast: Foxfire           |    38 |     3 ||    41
         Scorch            |    11 |    17 ||    28
    Use: Potion            |       |     1 ||     1
 Armour: Skin              |    26 |    13 ||    39
  Dodge: Dodged            |    33 |     9 ||    42
